 Dungeon Crawl Stone Soup version 0.27-a0-1185-ga233589e6f (webtiles) character file.

Game seed: 9853527995476375400

2543 Delamore the Basher (level 9, -7/54 HPs)
             Began as a Gargoyle Fighter on May 19, 2021.
             Mangled by a shadow (21 damage)
             ... on level 6 of the Dungeon.
             The game lasted 00:06:55 (7218 turns).

Delamore the Basher (Gargoyle Fighter)              Turns: 7218, Time: 00:06:56

Health: -7/54      AC: 14    Str: 23    XL:     9   Next: 55%
Magic:  9/9        EV:  7    Int:  9    God:
Gold:   1179       SH: 10    Dex:  9    Spells: 8/8 levels left

rFire    . . .     SeeInvis .   o - +2 flail (vorpal)
rCold    . . .     Faith    .   c - +0 kite shield
rNeg     + . .     Spirit   .   b - +0 scale mail
rPois    ∞         Reflect  .   (no helmet)
rElec    +         Harm     .   s - +0 cloak
rCorr    .         Rampage  .   (no gloves)
Will     +....                  (no boots)
Stlth    ..........             (no amulet)
HPRegen  0.18/turn              y - ring of willpower
MPRegen  0.11/turn              (no ring)

@: no status effects
A: sickness immunity, AC +6, negative energy resistance 1, electricity
resistance, torment resistance 1, petrification resistance
a: no special abilities


You were on level 6 of the Dungeon.
You visited 1 branch of the dungeon, and saw 6 of its levels.
You also visited: Ossuary.

You collected 1299 gold pieces.
You spent 120 gold pieces at shops.

Inventory:

Hand Weapons
 a - a +0 flail
 o - a +2 vorpal flail (weapon)
 B - a +0 morningstar
Armour
 b - a +0 scale mail (worn)
 c - a +0 kite shield (worn)
 s - a +0 cloak (worn)
Jewellery
 n - a ring of flight
 y - a ring of willpower (left hand)
Wands
 e - a wand of iceblast (11)
 v - a wand of mindburst (6)
 z - a wand of flame (28) (quivered)
Scrolls
 f - 2 scrolls of fear
 i - a scroll of blinking
 j - 2 scrolls of amnesia
 l - 2 scrolls of enchant weapon
 u - a scroll of immolation
 E - 2 scrolls of teleportation
 F - a scroll of enchant armour {unknown}
 G - a scroll of magic mapping {unknown}
Potions
 d - 5 potions of might
 g - 4 potions of mutation
 h - a potion of attraction
 k - a potion of resistance
 m - a potion of haste {unknown}
 p - 2 potions of heal wounds
 q - 3 potions of curing
 r - a potion of lignification {unknown}
 t - a potion of cancellation {unknown}
 w - 2 potions of berserk rage {unknown}
 x - a potion of experience {unknown}
 C - a potion of magic {unknown}
 D - 2 potions of degeneration {unknown}


   Skills:
 - Level 5.0 Fighting
 + Level 11.2 Maces & Flails
 + Level 2.7 Throwing
 - Level 3.2 Armour
 - Level 5.0 Shields


You had 8 spell levels left.
You didn't know any spells.
Your spell library was empty.

Dungeon Overview and Level Annotations

Branches:
Dungeon (6/15)            Ossuary (visited)
 Temple: D:4-7

Altars:
Gozag
Hepliaklqana
Makhleb
Nemelex Xobeh
Vehumet
Xom

Shops:
D:1 *


Innate Abilities, Weirdness & Mutations

You are immune to sickness and miasma.
Your stone body is resilient. (AC +6)
You are immune to poison.
You resist negative energy. (rN+)
You are resistant to electric shocks. (rElec)
You are resistant to unholy torment.
You are immune to petrification.


Message History

You are too injured to fight recklessly!
You are too injured to fight recklessly!
You are too injured to fight recklessly!
You are too injured to fight recklessly!
You are too injured to fight recklessly!
You are too injured to fight recklessly!
You are too injured to fight recklessly!
You are too injured to fight recklessly!
You block the ufetubus's attack.
The ufetubus hits you but does no damage.
Things that are here:
a +0 giant club; a +0 leather armour of positive energy; a +0 hand axe
Items here: )) [[.
You block the ufetubus's attack.
The ufetubus hits you but does no damage.
The ufetubus hits you but does no damage.
The ufetubus closely misses you. You block the ufetubus's attack.
The ufetubus hits you.
* * * LOW HITPOINT WARNING * * *
The shadow slips into darkness.
The shadow flickers and vanishes!
Deactivating autopickup; reactivate with Ctrl-A.
You block the ufetubus's attack.
The ufetubus hits you but does no damage.
The ufetubus closely misses you.
The ufetubus hits you but does no damage.
You block the ufetubus's attack.
The ufetubus hits you but does no damage.
You block the ufetubus's attack.
The ufetubus hits you but does no damage.
You block the ufetubus's attack. The ufetubus hits you.
* * * LOW HITPOINT WARNING * * *
You feel better. You block the ufetubus's attack.
The ufetubus hits you but does no damage.
You block the ufetubus's attack.
The ufetubus hits you but does no damage.
The ufetubus barely misses you. x2
You block the ufetubus's attack. The ufetubus barely misses you.
The shadow strikes at you from the darkness!
You die...

....................#
.........##..###....##
.............####....#
...............#.....### ##
..............)........## ##.
..............##...##...# #..
...............##.)###>.#######.#
......##<#.<#.####..#...#...##..#
.......###......@5.##...#......##
.......####........o........####.
........###..#..............# #.
##..........#####....##.....####/
.##..........# #.............#
..##.........#####.....###....##
_..##..................###.....##
....##..........................#
..^^.##..#.##.............#.....#


You could see an orc and an ufetubus.

Vanquished Creatures
  Maggie (D:6)
  Duvessa (D:6)
  An ice beast (D:6)
  A black bear (D:6)
  3 ogres
  A centaur (D:4)
  A bullfrog (D:4)
  5 scorpions
  8 water moccasin zombies (Ossuary)
  Dowan (D:6)
  4 wights (D:6)
  A bullfrog zombie (D:6)
  A jelly (D:4)
  An orc priest (D:4)
  A centaur skeleton (D:6)
  4 hounds
  Natasha (thrice) (D:2)
  An iguana (D:6)
  2 orc wizards (D:5)
  2 hound skeletons (D:4)
  2 mummies (Ossuary)
  3 adders
  A shadow imp (D:4)
  2 ufetubi (D:5)
  5 adder zombies
  An adder skeleton (D:4)
  6 worms
  3 dart slugs
  14 orcs
  5 bats
  13 endoplasms
  5 giant cockroaches
  3 gnoll zombies (Ossuary)
  9 goblins
  8 hobgoblins
  4 jackals (D:3)
  5 kobolds
  A quokka (D:2)
  4 ball pythons
  5 frilled lizards
  4 hobgoblin zombies (Ossuary)
  6 kobold zombies (Ossuary)
  3 orc zombies (Ossuary)
  A quokka zombie (D:6)
  5 rats
  A rat zombie (D:6)
162 creatures vanquished.

Notes
Turn   | Place    | Note
-------+----------+-------------------------------------------
     0 | D:1      | Delamore the Gargoyle Fighter began the quest for the Orb.
     0 | D:1      | Reached XP level 1. HP: 14/14 MP: 1/1
   179 | D:1      | Reached XP level 2. HP: 18/19 MP: 2/2
   603 | D:1      | Found Plog's Assorted Antiques.
   966 | D:2      | Reached XP level 3. HP: 24/24 MP: 3/3
  1163 | D:2      | Noticed Natasha
  1172 | D:2      | Killed Natasha
  1175 | D:2      | Reached XP level 4. HP: 27/29 MP: 4/4
  1552 | D:2      | Noticed Natasha
  1561 | D:2      | Killed Natasha
  1562 | D:2      | Reached skill level 3 in Maces & Flails
  2100 | D:2      | Noticed Natasha
  2106 | D:2      | Killed Natasha
  2107 | D:2      | Reached XP level 5. HP: 34/34 MP: 5/5
  2454 | D:1      | Bought a scroll labelled ISERAPTAMET for 30 gold pieces
  2454 | D:1      | Bought a scroll labelled NAIPEH ZUCWA for 30 gold pieces
  2454 | D:1      | Bought a scroll labelled NAIPEH ZUCWA for 30 gold pieces
  2455 | D:1      | Identified a scroll of acquirement
  2458 | D:1      | Acquired 631 gold pieces
  2460 | D:1      | Bought a scroll labelled TYQUERR OTASE for 30 gold pieces
  2860 | D:3      | You fall into a shaft and drop 1 floor!
  2863 | D:4      | Found a burning altar of Makhleb.
  3615 | D:4      | Noticed an ogre
  3616 | D:4      | Noticed a centaur
  3642 | D:4      | Reached skill level 5 in Fighting
  3642 | D:4      | Reached skill level 4 in Maces & Flails
  3642 | D:4      | Reached skill level 5 in Shields
  3642 | D:4      | Reached XP level 6. HP: 33/40 MP: 6/6
  3652 | D:4      | Reached skill level 5 in Maces & Flails
  3656 | D:4      | Reached XP level 7. HP: 14/44 MP: 7/7
  4125 | D:4      | Reached skill level 6 in Maces & Flails
  4783 | D:5      | Entered Level 5 of the Dungeon
  4900 | D:5      | Reached skill level 7 in Maces & Flails
  5460 | D:5      | Reached XP level 8. HP: 49/49 MP: 8/8
  5479 | D:5      | Found a radiant altar of Vehumet.
  5479 | D:5      | Found a faded altar of an unknown god.
  5487 | D:5      | Found a faded altar of an unknown god.
  5489 | D:5      | Found a hazy altar of Hepliaklqana.
  5491 | D:5      | Found a shimmering altar of Xom.
  5843 | D:6      | Reached skill level 8 in Maces & Flails
  5896 | D:6      | Noticed Maggie
  5906 | D:6      | Killed Maggie
  5914 | D:6      | Found a sand-covered staircase.
  5929 | Ossuary  | Entered an ossuary
  6043 | Ossuary  | Reached skill level 9 in Maces & Flails
  6187 | Ossuary  | Reached skill level 10 in Maces & Flails
  6205 | Ossuary  | Reached XP level 9. HP: 45/54 MP: 9/9
  6351 | D:6      | Noticed Duvessa
  6351 | D:6      | Noticed Dowan
  6363 | D:6      | Killed Duvessa
  6364 | D:6      | Killed Dowan
  6493 | D:6      | Found an opulent altar of Gozag.
  6639 | D:6      | Reached skill level 1 in Throwing
  6802 | D:6      | Found a sparkling altar of Nemelex Xobeh.
  6876 | D:6      | Reached skill level 11 in Maces & Flails
  7218 | D:6      | Mangled by a shadow

Illustrated notes

Levels and vault maps discovered:
D:1:      grunt_arrival_crossed_arrows, layout_basic, serial_shops,
          nicolae_shop_behind_doors, serial_park_tiny_pond
D:2:      layout_loops_corners, st_stairs_8, amcnicky_mini_rare_corridor_liquid,
          wad_orctagon, uniq_natasha
D:3:      layout_loops_cross
D:4:      minmay_polygon_palace, layout_loops_ring, old_standard_altar
D:5:      layout_cave_pods, chequers_temple_overflow_minitemple, dk_vineyard_3
D:6:      layout_cave_pools, nemelex_spade_bored_becter, marbit_many_paths,
          enter_ossuary_4, minmay_misc_feat_cross, grunt_potential, uniq_maggie,
          uniq_duvessa

Skill      XL: |  1  2  3  4  5  6  7  8  9 |
---------------+----------------------------+-----
Fighting       | 4 5 |  5.0
Shields        | 4 5 |  5.0
Maces & Flails | 3 4 5 7 10 11 | 11.2
Throwing       | 2 |  2.7
Armour         | |  3.2

Action                   |  1- 3 |  4- 6 |  7- 9 || total
-------------------------+-------+-------+-------++-------
Melee: Flail             |    88 |   132 |   312 ||   532
Throw: Javelin           |       |       |     7 ||     7
Evoke: Wand              |       |       |     4 ||     4
  Use: Scroll            |       |     5 |     5 ||    10
       Potion            |       |     1 |     1 ||     2
Armor: Scale mail        |    59 |    69 |   154 ||   282
Dodge: Dodged            |    27 |    50 |    84 ||   161
Block: Kite shield       |    56 |    81 |   153 ||   290

Table legend: (Time is in decaauts)
 A = Elapsed time spent in this place.
 B = Non-inter-level travel time spent in this place.
 C = Inter-level travel time spent in this place.
 D = Time resting spent in this place.
 E = Time spent auto-exploring this place.
 F = Levels seen in this place.
 G = Mean time per level.
                   A        B        C        D        E       F      G
               +--------+--------+--------+--------+--------+-----+--------+
         Total |   7383 |   7149 |    234 |   1180 |   4726 |   7 | 1054.7 |
       Dungeon |   6989 |   6755 |    234 |   1092 |   4565 |   6 | 1164.8 |
       Ossuary |    393 |    393 |      0 |     88 |    161 |   1 |  393.0 |
               +--------+--------+--------+--------+--------+-----+--------+

Top non-repeatable levels by time:
     D:4: 1558 daAuts
     D:2: 1547 daAuts
     D:5: 1248 daAuts
     D:1: 1017 daAuts
     D:6: 829 daAuts
     D:3: 787 daAuts
 Ossuary: 393 daAuts
